 Dungeon Crawl Stone Soup version 0.27-a0-394-g49c82dfaf2 (webtiles) character file.

Game seed: 2327093743553160528

392 tilp the Insei (level 6, -1/43 HPs)
             Began as an Octopode Transmuter on Feb 20, 2021.
             Slain by a mummy (16 damage)
             ... in an ossuary.
             The game lasted 00:07:08 (4078 turns).

tilp the Insei (Octopode Transmuter)                Turns: 4078, Time: 00:07:09

Health: -1/43      AC:  1    Str:  9    XL:     6   Next: 81%
Magic:  0/9        EV: 13    Int: 18    God:
Gold:   86         SH:  0    Dex: 12    Spells: 6/9 levels left

rFire    . . .     SeeInvis .     - Unarmed
rCold    . . .     Faith    .   (no shield)
rNeg     . . .     Spirit   +   (helmet currently unavailable)
rPois    .         Reflect  .   g - amulet of guardian spirit
rElec    .         Harm     .   e - +4 ring of slaying
rCorr    .         Rampage  .   m - ring of willpower
Will     +....                  (no ring)
Stlth    +++.......             (no ring)
HPRegen  0.14/turn              (no ring)
MPRegen  0.11/turn              (no ring)
                                (no ring)
                                (no ring)

@: appendages (expiring), wereblooded (expiring)
A: almost no armour, stealthy swim, amphibious, 8 rings, constrict 8, tentacle
spike 3, camouflage 1, gelatinous body 1
a: End Transformation


You were in an ossuary.
One of your tentacles had a temporary spike.
You visited 1 branch of the dungeon, and saw 4 of its levels.
You also visited: Ossuary.

You collected 86 gold pieces.

Inventory:

Missiles
 l - 6 javelins
 q - 5 poisoned darts (quivered)
 r - 4 atropa-tipped darts
Jewellery
 e - a +4 ring of slaying (left tentacle)
 g - an amulet of guardian spirit (around mantle)
 m - a ring of willpower (right tentacle)
Scrolls
 h - a scroll of blinking
 i - 3 scrolls of identify
 j - 2 scrolls of fear
 o - a scroll of teleportation
Potions
 a - 4 potions of curing
 b - a potion of berserk rage
 c - 2 potions of brilliance
 d - a potion of haste
 f - a potion of cancellation
 k - a potion of mutation
 n - a potion of invisibility {unknown}


   Skills:
 - Level 4.0 Fighting
 - Level 2.0 Dodging
 - Level 4.0 Stealth
 + Level 5.4 Unarmed Combat
 - Level 2.0 Spellcasting
 - Level 2.0 Transmutations


You had 6 spell levels left.
You knew the following spells:

 Your Spells              Type           Power        Failure   Level
a - Beastly Appendage     Tmut           18%          8%          1
b - Wereblood             Tmut           9%           12%         2

Your spell library contained the following spells:

 Spells                   Type           Power        Failure   Level
 Spider Form              Tmut/Pois      2%           34%         3
 Ice Form                 Ice/Tmut       5%           75%         4
 Blade Hands              Tmut           4%           91%         5


Dungeon Overview and Level Annotations

Branches:
Dungeon (4/15)            Ossuary (1/1)
 Temple: D:4-7

Altars:
Fedhas
Nemelex Xobeh
Uskayaw
Wu Jian


Innate Abilities, Weirdness & Mutations

You cannot wear most types of armour.
You are very stealthy in the water. (Stealth+)
You are amphibious.
You can wear up to eight rings at the same time.
You can use your tentacles to constrict eight enemies at once.
Your skin changes colour to match your surroundings (Stealth+).
Your rubbery body absorbs attacks. (AC +1, EV +1)
One of your tentacles bears a large vicious spike.


Message History

Okay, then.
Casting: Beastly Appendage (safe; 8% risk of failure)
Confirm with . or Enter, or press ? or * to list all spells.
One of your tentacles grows a vicious spike.
Casting: Beastly Appendage (safe; 8% risk of failure)
Confirm with . or Enter, or press ? or * to list all spells.
Your blood is infused with primal strength.
A mummy comes into view.
You tentacle-slap the mummy. You grab the mummy. You squeeze the mummy!
The mummy is heavily damaged.
You constrict the mummy, but do no damage.
The mummy completely misses you.
You bludgeon the mummy!
You destroy the mummy!
A mummy comes into view.
The mummy hits you!
You bludgeon the mummy! Your grab misses the mummy.
You pierce the mummy.
The mummy is severely damaged.
You bludgeon the mummy!
You destroy the mummy!
A mummy comes into view.
The mummy barely misses you.
You tentacle-slap the mummy. You grab the mummy.
The mummy is lightly damaged.
You constrict the mummy, but do no damage.
You bludgeon the mummy!
You pierce the mummy!
You destroy the mummy!
Your transformation is almost over.
You tentacle-slap the mummy. You grab the mummy.
The mummy is lightly damaged.
You constrict the mummy. The mummy hits you!
* * * LOW HITPOINT WARNING * * *
You bludgeon the mummy!
You pierce the mummy.
The mummy is severely damaged.
Your primal bloodlust is almost over.
You constrict the mummy. You tentacle-slap the mummy.
You pierce the mummy, but do no damage.
The mummy is almost destroyed.
You constrict the mummy. The mummy hits you!!
You die...

################
##........@M....#
##......####......#
#......##..##......
#.....##....##.....
#..................
##................#
##..............##
#+##........##+#
##......##


You could see a mummy.

Vanquished Creatures
  2 orc priests (D:4)
  2 worker ants (D:4)
  7 mummies (Ossuary)
  2 gnolls (D:3)
  6 adders
  4 worms
  4 dart slugs (D:1)
  A leopard gecko (D:3)
  9 orcs
  9 bats
  4 giant cockroaches
  3 gnoll zombies (Ossuary)
  8 goblins
  15 hobgoblins
  9 jackals
  A quokka (D:2)
  A ball python (D:1)
  4 frilled lizards
  6 kobolds
  2 kobold zombies (Ossuary)
  3 orc zombies (Ossuary)
  7 rats
109 creatures vanquished.

Notes
Turn   | Place    | Note
-------+----------+-------------------------------------------
     0 | D:1      | tilp the Octopode Transmuter began the quest for the Orb.
     0 | D:1      | Reached XP level 1. HP: 13/13 MP: 3/3
   387 | D:1      | Reached skill level 1 in Stealth
   416 | D:1      | Reached XP level 2. HP: 14/18 MP: 3/5
   424 | D:1      | Learned a level 2 spell: Wereblood
  1084 | D:1      | Reached XP level 3. HP: 23/23 MP: 6/6
  1987 | D:2      | Reached XP level 4. HP: 26/29 MP: 2/7
  2784 | D:3      | Reached XP level 5. HP: 28/35 MP: 5/8
  3038 | D:3      | Reached skill level 4 in Unarmed Combat
  3104 | D:3      | HP: 1/36 [adder (3)]
  3528 | D:3      | Found a hide-covered altar of Uskayaw.
  3530 | D:3      | Found a blossoming altar of Fedhas.
  3587 | D:3      | Found a sparkling altar of Nemelex Xobeh.
  3589 | D:3      | Found an ornate altar of the Wu Jian Council.
  3734 | D:4      | Found a sand-covered staircase.
  3755 | D:4      | Reached XP level 6. HP: 24/42 MP: 5/9
  3777 | Ossuary  | Entered an ossuary
  3935 | Ossuary  | Reached skill level 5 in Unarmed Combat
  4078 | Ossuary  | Slain by a mummy

Illustrated notes

Levels and vault maps discovered:
D:1:      minmay_arrival_open_corners, layout_loops_ring
D:2:      layout_loops_ring
D:3:      layout_loops_ring, nicolae_overflow_hidden_temple
D:4:      layout_rooms, minmay_temple_entry_statues_fountains, serial_shops,
          kennysheep_little_box, nicolae_ossuary_entry_monument, st_stairs_1,
          ebering_dispersal_statue_hall, mrwooster_statue_mirror,
          grunt_ministairs_4, trog_wizard
Ossuary:  ossuary_tomb_3

Skill      XL: |  1  2  3  4  5  6 |
---------------+-------------------+-----
Stealth        | 2 3 4 |  4.0
Fighting       | 2 3 4 |  4.0
Unarmed Combat | 4 5 |  5.4
Dodging        | |  2.0
Spellcasting   | |  2.0
Transmutations | |  2.0

Action                   |  1- 3 |  4- 6 || total
-------------------------+-------+-------++-------
Melee: Unarmed           |    94 |   131 ||   225
       Constrict         |    20 |    39 ||    59
       Kick              |     7 |    16 ||    23
       Tentacles         |    11 |    18 ||    29
       Punch             |     2 |     3 ||     5
Throw: Javelin           |       |     9 ||     9
       Dart              |       |     3 ||     3
 Cast: Beastly Appendage |     5 |    16 ||    21
       Wereblood         |       |     6 ||     6
  Use: Scroll            |     5 |     6 ||    11
       Potion            |       |     1 ||     1
 Stab: Sleeping          |    10 |    12 ||    22
Armor: Skin              |     2 |     6 ||     8
Dodge: Dodged            |    51 |    61 ||   112

Table legend: (Time is in decaauts)
 A = Elapsed time spent in this place.
 B = Non-inter-level travel time spent in this place.
 C = Inter-level travel time spent in this place.
 D = Time resting spent in this place.
 E = Time spent auto-exploring this place.
 F = Levels seen in this place.
 G = Mean time per level.
                   A        B        C        D        E       F      G
               +--------+--------+--------+--------+--------+-----+--------+
         Total |   4066 |   3863 |    203 |    904 |   2010 |   5 |  813.2 |
       Dungeon |   3766 |   3563 |    203 |    746 |   2010 |   4 |  941.5 |
       Ossuary |    300 |    300 |      0 |    158 |      0 |   1 |  300.0 |
               +--------+--------+--------+--------+--------+-----+--------+

Top non-repeatable levels by time:
     D:1: 1539 daAuts
     D:3: 1080 daAuts
     D:2: 975 daAuts
 Ossuary: 300 daAuts
     D:4: 170 daAuts
